cohdb
Replays
Latest Replays
All Replays
Popular Replays
Top Player Replays
Match Explorer
How It Works
Community
CoH3 Stats
Reddit
Sign in to upload your games and track your stats! →
Sign in with Steam
Match 47107249
Unlisted
Match 47107249
Overview
Messages
Build Orders
End
Construct Weapon Support Center
M1919 Machine Gun Team
Bazooka Squad
M1919 Machine Gun Team
M1919 Machine Gun Team
Mechanized Support Center
M3 Armored Personnel Carrier
M3 Armored Personnel Carrier
Designate Forward Repair Station
Selects Special Operations Battlegroup
Selects Raiding Flares
Construct Medical Station
Construct Medical Station
Selects SSF Commando Squad
SSF Commando Squad
M3 Armored Personnel Carrier
SSF Commando Squad
Construct Tank Depot
juMjuM^
Kingfish
XxX.
lllllillllllillllililililil
vincent
North_Ampton
coinisi
Corvuscy
0
0
Comments
sign in to comment!
No comments posted yet!